 Dungeon Crawl Stone Soup version 0.24-a0-434-gd57e52fea8 (webtiles) character file.

Game seed: 4845152670998618127

482 Ashiichan the Gusty (level 6, -4/32 HPs)
             Began as a Deep Elf Air Elementalist on June 17, 2019.
             Slain by a hippogriff (10 damage)
             ... on level 4 of the Dungeon.
             The game lasted 00:17:20 (3004 turns).

Ashiichan the Gusty (Deep Elf Air Elementalist)     Turns: 3004, Time: 00:17:21

Health: -4/32      AC:  2    Str:  5    XL:     6   Next: 87%
Magic:  1/17       EV: 13    Int: 21    God:
Gold:   170        SH:  0    Dex: 16    Spells: 10/17 levels left

rFire    . . .     SeeInvis .   i - +0 dagger
rCold    . . .     Gourm    .   (no shield)
rNeg     . . .     Faith    .   a - +0 robe
rPois    .         Spirit   .   (no helmet)
rElec    .         Reflect  .   (no cloak)
rCorr    .         Harm     .   (no gloves)
MR       .....                  (no boots)
Stlth    ++........             (no amulet)
HPRegen  0.10/turn              (no ring)
MPRegen  0.15/turn              (no ring)

@: no status effects
A: no striking features
a: no special abilities


You were on level 4 of the Dungeon.
You were very hungry.

You visited 1 branch of the dungeon, and saw 4 of its levels.

You collected 170 gold pieces.

Inventory:

Hand Weapons
 i - a +0 dagger (weapon)
 m - a +0 short sword
Armour
 a - a +0 robe (worn)
 k - a +0 robe
 u - a +0 ring mail
Jewellery
 p - an uncursed ring of protection from cold
Scrolls
 e - 3 scrolls of identify {unknown}
 f - 3 scrolls of teleportation
 j - 3 scrolls of remove curse
 l - a scroll of magic mapping {unknown}
 n - a scroll of blinking {unknown}
 o - a scroll of enchant weapon {unknown}
 r - a scroll of random uselessness {unknown}
 t - a scroll of enchant armour {unknown}
Potions
 b - a potion of invisibility {unknown}
 d - a potion of cancellation {unknown}
 g - a potion of haste {unknown}
 h - a potion of degeneration {unknown}
 q - a potion of ambrosia {unknown}
 s - a potion of might {unknown}
Comestibles
 c - 8 rations


   Skills:
 - Level 2.4 Dodging
 - Level 2.4 Stealth
 + Level 6.1 Spellcasting
 - Level 1.1 Conjurations
 * Level 6.6 Air Magic


You had 10 spell levels left.
You knew the following spells:

 Your Spells              Type           Power        Failure   Level  Hunger
a - Shock                 Conj/Air       ###.         1%          1    None
b - Swiftness             Chrm/Air       ###.....     3%          2    None
c - Airstrike             Air            ####......   6%          4    ####...

Your spell library contained the following spells:

 Spells                   Type           Power        Failure   Level  Hunger
 Static Discharge         Conj/Air       ###.....     6%          3    ##.....
 Animate Skeleton         Necr           N/A          10%         1    None
 Apportation              Tloc           #.....       10%         1    None
 Confusing Touch          Hex            #.....       10%         1    None
 Summon Small Mammal      Summ           #...         10%         1    None
 Lightning Bolt           Conj/Air       ###.......   47%         5    #####..


Dungeon Overview and Level Annotations

Branches:
Dungeon (4/15)
 Temple: D:4-7

Altars:

Annotations:
D:4 1 transporter, kroki's ghost, amateur DDFi


Message History

Confirm with . or Enter, or press ? or * to list all spells.
Aiming: Shock (safe; 1% risk of failure)
Press: ? - help, Shift-Dir - straight line
Okay, then.
Casting: Shock (safe; 1% risk of failure)
Confirm with . or Enter, or press ? or * to list all spells.
Aiming: Shock (safe; 1% risk of failure)
Press: ? - help, Shift-Dir - straight line
Okay, then.
Casting: Shock (safe; 1% risk of failure)
Confirm with . or Enter, or press ? or * to list all spells.
Aiming: Shock (safe; 1% risk of failure)
Press: ? - help, Shift-Dir - straight line The zap hits the hippogriff.
The hippogriff is severely wounded.
The zap misses the hippogriff.
The hippogriff bites you! The hippogriff pecks you. The hippogriff claws you!
* * * LOW HITPOINT WARNING * * *
The hippogriff bites you!
You die...

###.##......## #..÷..........
##..####.....###.........###.
#..## #.................# ##.#
##.....÷..........# #..#
##........#......##
#..#####..#>.....##......##.#
#.....###.##..........#.##...
#.....##..#...#.....#.#.#...(
#....###..##@###.######....##
#....####.#..H#..# #..(...#
#.......#.###....### #.....#.
#...##.............###....... ###
#..###.......................
..###..#......#..#...............
....#.........##.##.#.......#....
........###..##.....#......##....
........#...÷.#.##..#.#....##....


You could see a hippogriff.

Vanquished Creatures
  2 ogres (D:4)
  An orc priest (D:3)
  2 centaur skeletons
  A hound (D:4)
  An iguana (D:4)
  Terence (D:2)
  4 gnolls
  3 adders
  2 dart slugs
  2 leopard geckos
  7 orcs
  2 ball pythons
  10 bats
  A giant cockroach (D:2)
  5 goblins
  10 hobgoblins
  2 quokkas (D:2)
  3 frilled lizards
  5 kobolds
  4 rats
68 creatures vanquished.

Notes
Turn   | Place    | Note
-------+----------+-------------------------------------------
     0 | D:1      | Ashiichan the Deep Elf Air Elementalist began the quest for
                  | the Orb.
     0 | D:1      | Reached XP level 1. HP: 10/10 MP: 6/6
   173 | D:1      | Reached XP level 2. HP: 15/15 MP: 2/8
   901 | D:2      | Reached XP level 3. HP: 19/19 MP: 6/10
  1128 | D:2      | Reached XP level 4. HP: 14/24 MP: 1/12
  1253 | D:2      | Learned a level 2 spell: Swiftness
  1520 | D:2      | Noticed Terence
  1876 | D:2      | Killed Terence
  2035 | D:3      | Reached skill level 5 in Air Magic
  2035 | D:3      | Reached XP level 5. HP: 28/28 MP: 5/14
  2283 | D:3      | Learned a level 4 spell: Airstrike
  2581 | D:4      | Reached skill level 5 in Spellcasting
  2605 | D:4      | Noticed an ogre
  2610 | D:4      | Killed an ogre
  2610 | D:4      | Reached XP level 6. HP: 28/32 MP: 5/16
  2665 | D:4      | Found a transporter.
  2845 | D:4      | Noticed kroki's ghost (amateur DDFi)
  2979 | D:4      | Noticed a hippogriff
  3004 | D:4      | Slain by a hippogriff

Levels and vault maps discovered:
D:1:      minmay_arrival_arboretum_small, layout_basic, hangedman_decor_growths,
          interstate_on_off
D:2:      layout_loops_ring, nicolae_overflow_hidden_temple, uniq_terence
D:3:      layout_rooms
D:4:      layout_cave_pools, kiku_gazebo_garden_becter, minitemple,
          nicolae_ossuary_entry_ruins, first_ration, gammafunk_ghost_stat_death

Skill      XL: |  1  2  3  4  5  6 |
---------------+-------------------+-----
Air Magic      | 4 5 6 |  6.6
Spellcasting   | 4 5 6 |  6.1
Dodging        | |  2.4
Stealth        | |  2.4
Conjurations   | |  1.1

Action                   |  1- 3 |  4- 6 || total
-------------------------+-------+-------++-------
Melee: Dagger            |       |     1 ||     1
 Cast: Shock             |    70 |   112 ||   182
       Swiftness         |       |     2 ||     2
       Airstrike         |       |     1 ||     1
  Use: Scroll            |       |     2 ||     2
  Eat: Chunk             |       |     5 ||     5
Armor: Robe              |     7 |       ||     7
Dodge: Dodged            |    11 |    11 ||    22

Table legend:
 A = Non-vault XP
 B = Vault XP
 C = Vault XP percentage of total XP
 D = Non-vault monster count
 E = Vault monster count
 F = Vault count percentage of total count
                 A         B        C        D         E       F
            +---------+---------+-------+---------+---------+-------
      Total |     653 |      36 |   5.2 |      67 |       1 |   1.5
            +---------+---------+-------+---------+---------+-------
        D:1 |      38 |       0 |   0.0 |      21 |       0 |   0.0
        D:2 |      83 |      36 |  30.3 |      17 |       1 |   5.6
        D:3 |      87 |       0 |   0.0 |      14 |       0 |   0.0
        D:4 |     445 |       0 |   0.0 |      15 |       0 |   0.0
            +---------+---------+-------+---------+---------+-------
